 Dungeon Crawl Stone Soup version 0.20-a0-999-gb5f2a4e (webtiles) character file.

138 JeffiDaFish the Shield-Bearer (level 5, -2/33 HPs)
             Began as a Gargoyle Fighter on Apr 12, 2017.
             Slain by an ogre
             ... wielding a +0 giant spiked club
              (7 damage)
             ... on level 4 of the Dungeon.
             The game lasted 00:06:02 (2715 turns).

JeffiDaFish the Shield-Bearer (Gargoyle Fighter)    Turns: 2715, Time: 00:06:02

Health: -2/33      AC: 11    Str: 19    XL:     5   Next: 21%
Magic:  5/5        EV:  7    Int:  9    God:
Gold:   99         SH: 10    Dex: 10    Spells: 4/4 levels left

rFire    + . .     SeeInvis .   a - +1 flail
rCold    . . .     Gourm    +   c - +1 shield
rNeg     + . .     Faith    .   b - +0 scale mail
rPois    ∞         Spirit   .   (no helmet)
rElec    +         Reflect  .   l - +2 cloak
rCorr    .         Harm     .   (no gloves)
MR       +....                  (no boots)
Stlth    ..........             e - amulet of the gourmand
Regen    0.2/turn               k - ring of protection from fire
MPRegen  0.1/turn               (no ring)

@: no status effects
A: blink, blurry vision 1, deformed body, magic resistance 1, negative energy
resistance 1, electricity resistance, unbreathing, petrification resistance, rot
immunity, AC +4
a: Blink


You were on level 4 of the Dungeon.
You were completely stuffed.

You visited 1 branch of the dungeon, and saw 4 of its levels.

You collected 99 gold pieces.

Inventory:

Hand Weapons
 a - a +1 flail (weapon)
Armour
 b - a +0 scale mail (worn)
 c - a +1 shield (worn)
 l - a +2 cloak (worn)
Jewellery
 e - an amulet of the gourmand (around neck)
 k - a ring of protection from fire (left hand)
Wands
 j - a wand of paralysis (16/24)
Scrolls
 g - 2 scrolls of teleportation
 i - 5 scrolls of identify
Comestibles
 d - a chunk of flesh
 f - 4 bread rations
 h - a royal jelly


   Skills:
 + Level 3.8 Fighting
 + Level 3.5 Maces & Flails
 + Level 4.0 Armour
 + Level 0.7 Dodging
 + Level 0.2 Stealth
 + Level 4.1 Shields


You had 4 spell levels left.
You didn't know any spells.

Dungeon Overview and Level Annotations

Branches:
Dungeon (4/15)
 Temple: D:4-7

Altars:
Gozag
Ru
Xom


Innate Abilities, Weirdness & Mutations

You are resistant to torment.
Your stone body is resilient. (AC +4)
You are immune to poison.
You resist negative energy. (rN+)
You are resistant to electric shocks. (rElec)
You can survive without breathing.
You are immune to petrification.
You are immune to rotting.
You can translocate small distances at will.
Scrolls take you a little longer to read.
Armour fits poorly on your strangely shaped body.
You are resistant to hostile enchantments. (MR+)


Message History

You aren't carrying any potions.
The ball python bites you but does no damage.
The ball python grabs you. The ball python constricts you.
You escape the ball python's grasp.
There is an escape hatch in the floor here.
You see here a ring mail.
You closely miss the ball python. You block the ball python's attack. x2
You sock the ball python!
You kill the ball python!
You hit the ogre.
The ogre is lightly wounded.
The ogre hits you with a giant spiked club!
You hit the ogre.
The ogre is lightly wounded.
The ogre hits you with a giant spiked club!
* * * LOW HITPOINT WARNING * * *
You sock the ogre!
The ogre is heavily wounded.
The ogre hits you with a giant spiked club!
You die...

........# #...$..#
#......# #......#####
#####......##....
##..##....... #...........
.##########>..#....#.#
.........@Ol>......#.#
..........##.......#.#
...........#.......#.#####
.................../......
......[............#.#####
...........#.......#.#
...........##..#...#.#
.)........###..#..##.#
.........## #.###.##.#


You could see an ogre and a leopard gecko.

Vanquished Creatures
  Terence (D:2)
  An adder (D:3)
  4 gnolls (D:3)
  3 worms
  An orc (D:3)
  4 giant cockroaches
  6 goblins
  7 hobgoblins
  2 quokkas
  A ball python (D:4)
  9 bats
  3 frilled lizards
  8 kobolds
  A leopard gecko skeleton (D:4)
  8 rats
59 creatures vanquished.

Notes
Turn   | Place    | Note
-------+----------+-------------------------------------------
     0 | D:1      | JeffiDaFish the Gargoyle Fighter began the quest for the Orb.
     0 | D:1      | Reached XP level 1. HP: 14/14 MP: 1/1
   194 | D:1      | Reached XP level 2. HP: 11/19 MP: 2/2
   784 | D:1      | Reached XP level 3. HP: 23/23 MP: 3/3
   990 | D:2      | Noticed Terence
  1009 | D:2      | Killed Terence
  1009 | D:2      | Reached XP level 4. HP: 27/29 MP: 4/4
  1027 | D:2      | Gained mutation: Armour fits poorly on your strangely shaped body. [potion of mutation]
  1027 | D:2      | Gained mutation: You are resistant to hostile enchantments. (MR+) [potion of mutation]
  1027 | D:2      | Gained mutation: Scrolls take you a little longer to read. [potion of mutation]
  1027 | D:2      | Gained mutation: You can translocate small distances at will. [potion of mutation]
  1220 | D:2      | Found an opulent altar of Gozag.
  1224 | D:2      | Found a shimmering altar of Xom.
  1230 | D:2      | Found a sacrificial altar of Ru.
  1727 | D:3      | HP: 1/29 [gnoll/club (2)]
  2071 | D:3      | Reached XP level 5. HP: 33/33 MP: 5/5
  2702 | D:4      | Noticed an ogre
  2715 | D:4      | Slain by an ogre

Vault maps used:
D:1:      saegor_arrival_simple_f, kennysheep_nondescript,
          hangedman_glass_teeth, grunt_decor_arrowhead
D:2:      minmay_overflow_temple_star_quad, uniq_terence
D:4:      black_bear_nest_2, grunt_temple_overflow_order_and_chaos_2

Skill      XL: |  1  2  3  4  5 |
---------------+----------------+-----
Maces & Flails | 3 |  3.5
Shields        | 4 |  4.1
Armour         | 4 |  4.0
Fighting       | |  3.8
Dodging        | |  0.7
Stealth        | |  0.2

Action                   |  1- 3 |  4- 6 || total
-------------------------+-------+-------++-------
Melee: Flail             |   108 |   101 ||   209
  Use: Scroll            |     5 |     5 ||    10
       Potion            |     3 |     3 ||     6
  Eat: Chunk             |       |    20 ||    20
Armor: Scale mail        |    57 |    41 ||    98
Dodge: Dodged            |    41 |    31 ||    72
Block: Shield            |    62 |    49 ||   111
